 Dungeon Crawl Stone Soup version 0.20.0 (webtiles) character file.

324 BarneyGumball the Ruffian (level 6, 0/59 HPs)
             Began as a Troll Monk on June 9, 2017.
             Splashed by a jelly's acid (7 damage)
             ... on level 5 of the Dungeon.
             The game lasted 00:04:34 (2146 turns).

BarneyGumball the Ruffian (Troll Monk)              Turns: 2146, Time: 00:04:35

Health: 0/59       AC:  1    Str: 25    XL:     6   Next: 23%
Magic:  5/5        EV: 10    Int:  6    God:
Gold:   99         SH:  0    Dex: 14    Spells: 5/5 levels left

rFire    . . .     SeeInvis .     - Unarmed
rCold    . . .     Gourm    +   (no shield)
rNeg     . . .     Faith    .   a - +0 robe
rPois    .         Spirit   .   (helmet restricted)
rElec    .         Reflect  .   (no cloak)
rCorr    .         Harm     .   (gloves unavailable)
MR       .....                  (boots unavailable)
Stlth    ++........             (no amulet)
Regen    0.6/turn               (no ring)
MPRegen  0.1/turn               (no ring)

@: mighty, lethally poisoned (0 -> -1), corroded
A: unfitting armour, claws 3, fast metabolism 3, gourmand, regeneration 1,
shaggy fur 1, tough skin 2
a: no special abilities


You were on level 5 of the Dungeon.
You were very full.

You visited 1 branch of the dungeon, and saw 5 of its levels.

You collected 99 gold pieces.

Inventory:

Armour
 a - a +0 robe (worn)
Wands
 y - a wand of enslavement (11/24)
Scrolls
 c - a scroll of amnesia
 e - 3 scrolls of identify
 g - a scroll of fog
 h - a scroll of noise
 l - 2 scrolls of teleportation
 o - a scroll of fear {unknown}
 q - 3 scrolls of remove curse {unknown}
 s - 2 scrolls of random uselessness {unknown}
 w - a scroll of recharging {unknown}
 x - a scroll of enchant weapon {unknown}
Potions
 i - a potion of cancellation {unknown}
 m - 2 potions of might
 n - 2 potions of mutation {unknown}
 p - a potion of flight {unknown}
 r - a potion of resistance
 u - a potion of lignification {unknown}
 v - a potion of magic {unknown}
Comestibles
 b - 5 bread rations
 d - 2 royal jellies
 f - 3 meat rations
 t - 4 fruits


   Skills:
 - Level 2.4 Fighting
 - Level 2.4 Dodging
 - Level 1.0 Stealth
 + Level 7.1 Unarmed Combat


You had 5 spell levels left.
You didn't know any spells.

Dungeon Overview and Level Annotations

Branches:
Dungeon (5/15)
 Temple: D:4-7

Altars:

Shops:
D:4 %


Innate Abilities, Weirdness & Mutations

You are too large for most types of armour.
You have claws for hands.
Your metabolism is lightning-fast.
You like to eat raw meat.
Your natural rate of healing is unusually fast.
You are covered in fur. (AC +1)
You have very tough skin. (AC +2)


Message History

The worker ant bites you but does no damage.
You scratch the jelly.
Your claws burn!
The jelly is moderately wounded.
The jelly hits you. The acid corrodes you!
You are splashed with acid!
The acid burns!
The worker ant bites you!
You barely miss the jelly.
The jelly is moderately wounded.
The jelly closely misses you. The worker ant closely misses you.
You scratch the jelly but do no damage.
Your claws burn!
The jelly is moderately wounded.
The jelly barely misses you. The worker ant bites you!
* * * LOW HITPOINT WARNING * * *
You feel very mighty all of a sudden. The worker ant bites you.
* * * LOW HITPOINT WARNING * * *
You are poisoned.
The worker ant poisons you! The jelly hits you.
* * * LOW HITPOINT WARNING * * *
You are splashed with acid!
The acid burns!
You die...

,* *,* *,,,,,,,,,**,*
,*****,***,(..........#
,,*,,,,,,,,,.......#..###*
,,,,***,**,,,............**
*,*** *,**,,,,...........,**
*,,****,******#..........,,*
,,,*,,,,,,** #..........,,*
*,,*,,,,...####..a.......,,*
**,,,,,,.......)@J.......,**
*,,****####..###.[.##...**
**,,,,* ##,**###.....,*
****,* *,,,***......* *,***
***,,,,,.....* *,,,*
*****,.....* ********,***
***####* ,,,,,,,,,,,*
************


You could see a jelly and a worker ant.

Vanquished Creatures
  A scorpion (D:5)
  A hound (D:5)
  2 orc priests
  An orc wizard (D:3)
  Jessica (D:2)
  Ijyb (D:4)
  Terence (D:2)
  An adder (D:2)
  An adder skeleton (D:4)
  3 dart slugs
  2 leopard geckos
  14 orcs
  4 bats
  2 giant cockroaches
  3 goblins
  3 hobgoblins
  6 jackals
  2 quokkas
  2 frilled lizards (D:2)
  5 kobolds
  2 rats
58 creatures vanquished.

Notes
Turn   | Place    | Note
-------+----------+-------------------------------------------
     0 | D:1      | BarneyGumball the Troll Monk began the quest for the Orb.
     0 | D:1      | Reached XP level 1. HP: 22/22 MP: 0/0
   342 | D:1      | Reached XP level 2. HP: 29/29 MP: 1/1
   570 | D:2      | Noticed Jessica
   575 | D:2      | Killed Jessica
   575 | D:2      | Reached skill level 4 in Unarmed Combat
   575 | D:2      | Reached XP level 3. HP: 36/36 MP: 2/2
   719 | D:2      | Noticed Terence
   727 | D:2      | Killed Terence
   727 | D:2      | Reached skill level 5 in Unarmed Combat
   727 | D:2      | Reached XP level 4. HP: 36/44 MP: 3/3
  1023 | D:3      | Reached XP level 5. HP: 11/50 MP: 4/4
  1028 | D:3      | Reached skill level 6 in Unarmed Combat
  1393 | D:4      | Found Amei's Food Shoppe.
  1827 | D:4      | Noticed Ijyb
  1852 | D:4      | Killed Ijyb
  2116 | D:5      | Entered Level 5 of the Dungeon
  2124 | D:5      | Reached XP level 6. HP: 59/59 MP: 5/5
  2136 | D:5      | Reached skill level 7 in Unarmed Combat
  2146 | D:5      | Splashed by a jelly's acid

Skill      XL: |  1  2  3  4  5  6 |
---------------+-------------------+-----
Unarmed Combat | 4 5 6 7 |  7.1
Fighting       | |  2.4
Dodging        | |  2.4
Stealth        | |  1.0

Action                   |  1- 3 |  4- 6 || total
-------------------------+-------+-------++-------
Melee: Unarmed           |    54 |    79 ||   133
       Punch             |     2 |     3 ||     5
  Use: Scroll            |       |     7 ||     7
       Potion            |       |     2 ||     2
 Stab: Sleeping          |     3 |     2 ||     5
  Eat: Chunk             |     8 |    15 ||    23
Armor: Robe              |    15 |    23 ||    38
Dodge: Dodged            |    28 |    42 ||    70
